 Dungeon Sprint DCSS version 0.17-a0-1650-gce8475a (webtiles) character file.

632 LilCorpsy the Impaler (level 7, 0/50 HPs)
             Began as a Merfolk Gladiator on Aug 13, 2015.
             Slain by Sonja
             ... wielding a +0 short sword of distortion
              (5 damage)
             ... in the Dungeon (Sprint I: "Red Sonja").
             The game lasted 00:03:01 (679 turns).

LilCorpsy the Impaler (Merfolk Gladiator)            Turns: 679, Time: 00:03:01

Health: 0/50       AC:  4    Str: 16    XL:     7   Next: 49%
Magic:  7/7        EV: 22    Int:  7    God:
Gold:   330        SH:  0    Dex: 16    Spells: 0 memorised, 6 levels left

rFire  . . .     SeeInvis .     l - +0 scythe
rCold  . . .     Clarity  .     b - +0 leather armour
rNeg   . . .     SustAt   .     (no shield)
rPois  .         Gourm    .     c - +0 helmet
rElec  .         Spirit   .     (no cloak)
rCorr  .         Warding  .     (no gloves)
rMut   .         NoTele   +     (no boots)
MR     .....                    (no amulet)
Stlth  +.........               (no ring)
                                (no ring)

@: lethally poisoned (0 -> -10), slowed, very slow, not resistant to hostile
enchantments, very unstealthy
A: change form in water, swift swim
a: no special abilities


You were in the Dungeon.
You were not hungry.

You visited 1 branch You collected 330 gold pieces.

Inventory:

Hand weapons
 l - a +0 scythe (weapon)
Armour
 b - a +0 leather armour (worn)
 c - a +0 helmet (worn)
Scrolls
 k - a scroll of blinking
Potions
 f - a potion of curing
 g - a potion of heal wounds
 h - a potion of haste
 i - 2 potions of magic
 j - a potion of berserk rage
Comestibles
 e - a bread ration


   Skills:
 - Level 2.1 Fighting
 + Level 15.4 Polearms
 - Level 2.0 Throwing
 + Level 14.3 Dodging


You had 6 spell levels left.
You didn't know any spells.

Dungeon Overview and Level Annotations

Branches:
Dungeon (1/1)

Altars:
Cheibriados
Dithmenos
Elyvilon
Fedhas
Gozag
Kikubaaqudgha
Makhleb
Nemelex Xobeh
Okawaru
Qazlal
Ru
Sif Muna
Trog
Vehumet
Xom
Yredelemnul
Zin
The Shining One
Jiyva

Shops:
D }

Annotations:
D Sonja


Message History

You are poisoned.
You have difficulty breathing.
You feel yourself slow down.
There is an open door, spattered with blood here.
Things that are here:
a curare-tipped needle; a yak corpse You feel sick.
Something hits you but does no damage. Something hits you.
Space bends around you. Something misses you. Something hits you.
Something hits you. Something hits you but does no damage.
Space bends around you.
You closely miss something.
You feel sick. Something hits you but does no damage. Space bends around you.
Something hits you but does no damage. Space bends around you.
Something closely misses you. Something hits you.
* * * LOW HITPOINT WARNING * * *
Space bends around you.
* * * LOW HITPOINT WARNING * * *
Something hits you.
* * * LOW HITPOINT WARNING * * *
Space bends around you.
You die...

###################
#<.#..)..#.)'..#__#
#..)..#..'..#..'..+
#..#####'#####'#__#
#..####..#...#.####
#..#__####..##.#
#..#_..__##'#..+
#⌠⌠#_.∩...(@{._#
####_..._##_.#+#
#_____###'# #######
#.# $.$ $.$# ##.##
#+#


There were no monsters in sight!

Vanquished Creatures
  A slime creature (D)
  Sigmund (D)
  A yak (D)
  An ogre (D)
  A jelly (D)
  Ijyb (D)
6 creatures vanquished.

Vanquished Creatures (others)
  A gargoyle (D)
1 creature vanquished.

Grand Total: 7 creatures vanquished

Notes
Turn   | Place    | Note
--------------------------------------------------------------
     0 | D        | LilCorpsy the Merfolk Gladiator began the quest for the Orb.
     0 | D        | Reached XP level 1. HP: 16/16 MP: 1/1
     1 | D        | Noticed Ijyb
    11 | D        | Killed Ijyb
    11 | D        | Reached skill level 7 in Polearms
    11 | D        | Reached XP level 2. HP: 20/22 MP: 2/2
    11 | D        | Reached XP level 3. HP: 24/27 MP: 3/3
    47 | D        | Noticed an ogre
    58 | D        | Killed an ogre
    58 | D        | Reached skill level 10 in Polearms
    58 | D        | Reached XP level 4. HP: 9/33 MP: 4/4
    58 | D        | Reached XP level 5. HP: 10/38 MP: 5/5
   300 | D        | Noticed Sigmund
   308 | D        | Killed Sigmund
   308 | D        | Reached skill level 12 in Polearms
   308 | D        | Reached XP level 6. HP: 44/44 MP: 6/6
   325 | D        | Found a deep blue altar of Sif Muna.
   326 | D        | Noticed a jelly
   327 | D        | Found a radiant altar of Vehumet.
   335 | D        | Killed a jelly
   335 | D        | Reached skill level 13 in Polearms
   528 | D        | Found a viscous altar of Jiyva.
   528 | D        | Found a blossoming altar of Fedhas.
   528 | D        | Noticed a slime creature
   530 | D        | Found a snail-covered altar of Cheibriados.
   530 | D        | Found a shadowy altar of Dithmenos.
   538 | D        | Killed a slime creature
   538 | D        | Reached skill level 14 in Polearms
   538 | D        | Reached XP level 7. HP: 35/50 MP: 7/7
   635 | D        | Killed a gargoyle
   654 | D        | Found Xulipnathriu's Gadget Emporium.
   654 | D        | Found a white marble altar of Elyvilon.
   654 | D        | Found a stormy altar of Qazlal.
   654 | D        | Found a basalt altar of Yredelemnul.
   654 | D        | Found an iron altar of Okawaru.
   654 | D        | Found a sparkling altar of Nemelex Xobeh.
   654 | D        | Found a shimmering altar of Xom.
   654 | D        | Found an ancient bone altar of Kikubaaqudgha.
   654 | D        | Noticed a yak
   662 | D        | Killed a yak
   662 | D        | Reached skill level 15 in Polearms
   663 | D        | Found a burning altar of Makhleb.
   663 | D        | Found a sacrificial altar of Ru.
   663 | D        | Found a glowing golden altar of the Shining One.
   663 | D        | Found an opulent altar of Gozag.
   663 | D        | Found a glowing silver altar of Zin.
   664 | D        | Found a bloodstained altar of Trog.
   675 | D        | Noticed Sonja
   679 | D        | Slain by Sonja

Vault maps used:
D:        dungeon_sprint_1

Action                   |  1- 3 |  4- 6 |  7- 9 || total
-------------------------+-------+-------+-------++-------
Melee: Trident           |    17 |     6 |       ||    23
       Scythe            |       |    13 |     8 ||    21
Throw: Throwing net      |     5 |     3 |     1 ||     9
 Stab: Held in net/web   |     5 |     3 |       ||     8
